 Dungeon Crawl Stone Soup version 0.25-a0-410-g53dbb631d1 (console) character file.

Game seed: 3625010218517208554, levelgen mode: deterministic

61 Kagalorn the Sneak (level 4, 0/33 HPs)
             Began as a Human Assassin on Jan 13, 2020.
             Was an Initiate of Dithmenos.
             Slain by a jackal (3 damage)
             ... on level 2 of the Dungeon.
             The game lasted 00:05:12 (1872 turns).

Kagalorn the Sneak (Human Assassin)                 Turns: 1872, Time: 00:05:13

Health: 0/33       AC:  3    Str: 12    XL:     4   Next: 27%
Magic:  4/4        EV: 12    Int: 12    God:    Dithmenos [......]
Gold:   78         SH:  0    Dex: 14    Spells: 3/3 levels left

rFire    . . .     SeeInvis .   a - +2 dagger
rCold    . . .     Gourm    .   (no shield)
rNeg     . . .     Faith    .   p - +0 robe
rPois    .         Spirit   .   (no helmet)
rElec    .         Reflect  .   c - +0 cloak
rCorr    .         Harm     .   (no gloves)
MR       .....                  (no boots)
Stlth    +++.......             (no amulet)
HPRegen  0.11/turn              (no ring)
MPRegen  0.09/turn              (no ring)

@: no status effects
A: no striking features
a: Renounce Religion


You were on level 2 of the Dungeon.
You worshipped Dithmenos.
Dithmenos was noncommittal.
You were very hungry.

You visited 1 branch of the dungeon, and saw 3 of its levels.

You collected 78 gold pieces.

Inventory:

Hand Weapons
 a - a +2 dagger (weapon)
 b - a +0 hunting sling
Missiles
 d - 27 poisoned darts (quivered)
 e - 2 curare-tipped darts
 h - 52 stones
Armour
 c - a +0 cloak (worn)
 p - a +0 robe (worn)
Wands
 m - a wand of digging (6)
Scrolls
 i - a scroll of enchant weapon {unknown}
 j - 3 scrolls of remove curse {unknown}
 k - 3 scrolls of teleportation {unknown}
 n - 2 scrolls of amnesia {unknown}
 q - a scroll of immolation {unknown}
 s - a scroll of fear {unknown}
 t - a scroll of random uselessness {unknown}
 u - a scroll of identify {unknown}
Potions
 g - 3 potions of curing {unknown}
 l - a potion of lignification {unknown}
 o - 2 potions of flight {unknown}
 r - a potion of magic {unknown}
 v - a potion of invisibility {unknown}
Comestibles
 f - 2 rations


   Skills:
 - Level 2.0 Fighting
 * Level 2.9 Short Blades
 - Level 2.0 Throwing
 - Level 1.0 Dodging
 * Level 5.2 Stealth


You had 3 spell levels left.
You didn't know any spells.
Your spell library was empty.

Dungeon Overview and Level Annotations

Branches:
Dungeon (3/15)

Altars:
Dithmenos
Wu Jian
Yredelemnul

Annotations:
D:3 Natasha


Message History

The jackal bites you but does no damage.
You are feeling very hungry.
You hit the jackal but do no damage.
The jackal is heavily wounded.
The jackal closely misses you.
Throwing (i - inventory. (/) - cycle)
d - 28 poisoned darts (quivered)
Press: ? - help, Shift-Dir - straight line, f - jackal
Aim: a jackal (heavily wounded)
You throw a poisoned dart. The poisoned dart hits the jackal.
The jackal is poisoned.
The jackal is heavily wounded.
The jackal bites you.
* * * LOW HITPOINT WARNING * * *
You barely miss the jackal.
The jackal is severely wounded.
The jackal completely misses you.
You hit the jackal but do no damage.
The jackal is severely wounded.
The jackal bites you.
You die...

#...##..........# #.#
#...##..........###<#
#...##...#.#........#
#..........#.##########
#...##...###.# #.....
#...##...#.#.# #.####
#########..).......#.# #.....
#.......#....#######.# #..###
#.......##'#..@h.....#####..#
#.......'..###.....##.......#
#.......######.....##.......#
#....<..'...........'.......#
#.......######.....##.....#.#
#.......# #...).##.....#.#
#.......# #.....##.....#.#
#.......# #.....########.###
######### #.....# ######....


You could see a jackal.

Vanquished Creatures
  2 adders (D:2)
  2 worms (D:2)
  A dart slug (D:1)
  A giant cockroach (D:1)
  5 goblins
  4 hobgoblins
  2 jackals (D:1)
  5 kobolds
  A quokka (D:2)
  5 bats
  3 frilled lizards
  4 rats
35 creatures vanquished.

Notes
Turn   | Place    | Note
-------+----------+-------------------------------------------
     0 | D:1      | Kagalorn the Human Assassin began the quest for the Orb.
     0 | D:1      | Reached XP level 1. HP: 16/16 MP: 1/1
   146 | D:1      | Reached XP level 2. HP: 18/22 MP: 2/2
   508 | D:1      | Reached XP level 3. HP: 24/27 MP: 3/3
   944 | D:2      | Reached skill level 5 in Stealth
  1096 | D:2      | Found an ornate altar of the Wu Jian Council.
  1307 | D:2      | Reached XP level 4. HP: 29/33 MP: 4/4
  1418 | D:2      | Found a basalt altar of Yredelemnul.
  1421 | D:2      | Found a shadowy altar of Dithmenos.
  1426 | D:2      | Became a worshipper of Dithmenos the Shadowed
  1822 | D:3      | Noticed Natasha
  1872 | D:2      | Slain by a jackal

Levels and vault maps discovered:
D:1:      dpeg_arrival_another_circle, layout_basic
D:2:      layout_basic, gammafunk_temple_overflow_forgotten
D:3:      layout_loops_ring, dk_noncrumbling_2, uniq_terence, uniq_jessica,
          uniq_natasha

Skill      XL: |  1  2  3 |
---------------+----------+-----
Stealth        | 5 |  5.2
Fighting       | |  2.0
Short Blades   | |  2.9
Throwing       | |  2.0
Dodging        | |  1.0

Action                   |  1- 3 |  4- 6 || total
-------------------------+-------+-------++-------
Melee: Dagger            |   108 |    19 ||   127
Throw: Dart              |    14 |     4 ||    18
 Stab: Sleeping          |     1 |     4 ||     5
  Eat: Chunk             |     1 |     1 ||     2
Armor: Robe              |    28 |     5 ||    33
Dodge: Dodged            |    58 |    20 ||    78

Table legend:
 A = Non-vault XP
 B = Vault XP
 C = Vault XP percentage of total XP
 D = Non-vault monster count
 E = Vault monster count
 F = Vault count percentage of total count
                 A         B        C        D         E       F
            +---------+---------+-------+---------+---------+-------
      Total |      88 |       0 |   0.0 |      35 |       0 |   0.0
            +---------+---------+-------+---------+---------+-------
        D:1 |      34 |       0 |   0.0 |      19 |       0 |   0.0
        D:2 |      53 |       0 |   0.0 |      15 |       0 |   0.0
        D:3 |       1 |       0 |   0.0 |       1 |       0 |   0.0
            +---------+---------+-------+---------+---------+-------
